 Dungeon Crawl Stone Soup version 0.20-a0-739-g6bb112f (webtiles) character file.

589 Gorglomux the Stinger (level 7, -8/36 HPs)
             Began as a Tengu Venom Mage on Feb 24, 2017.
             Mangled by a gnoll
             ... wielding a +0 flail
              (13 damage)
             ... on level 4 of the Dungeon.
             The game lasted 00:10:37 (4323 turns).

Gorglomux the Stinger (Tengu Venom Mage)            Turns: 4323, Time: 00:10:38

Health: -8/36      AC:  3    Str:  8    XL:     7   Next: 38%
Magic:  12/14      EV: 13    Int: 17    God:
Gold:   243        SH:  0    Dex: 15    Spells: 4/14 levels left

rFire    . . .     SeeInvis +   w - +0 spear
rCold    . . .     Gourm    .   a - +1 robe
rNeg     . . .     Faith    .   (no shield)
rPois    .         Spirit   .   (helmet restricted)
rElec    .         Reflect  .   J - scarf {repulsion}
rCorr    .         Harm     .   (no gloves)
MR       .....                  (boots unavailable)
Stlth    +.........             (no amulet)
Regen    0.2/turn               (no ring)
MPRegen  0.2/turn               s - ring of see invisible

@: very slightly contaminated, glowing, repel missiles
A: beak, talons 3, able to fly 1
a: Fly


You were on level 4 of the Dungeon.
You were not hungry.

You visited 1 branch of the dungeon, and saw 4 of its levels.

You collected 243 gold pieces.

Inventory:

Hand Weapons
 w - a +0 spear (weapon)
Armour
 a - a +1 robe (worn)
 J - a scarf of repulsion (worn)
Jewellery
 s - a ring of see invisible (left hand)
Wands
 A - a wand of acid (10/15)
Scrolls
 u - 6 scrolls of identify {unknown}
 x - a scroll of teleportation {unknown}
 y - 3 scrolls of amnesia {unknown}
 z - 2 scrolls of enchant armour
 C - 4 scrolls of remove curse {unknown}
 H - a scroll of blinking {unknown}
Potions
 B - a potion of curing
 G - a potion of flight {unknown}
Books
 b - a Young Poisoner's Handbook

   Spells                             Type                      Level
   a - Sting                          Conjuration/Poison           1
   b - Poisonous Vapours              Poison/Air                   2
   c - Mephitic Cloud                 Conjuration/Poison/Air       3
   d - Olgreb's Toxic Radiance        Poison                       4
   e - Venom Bolt                     Conjuration/Poison           5
Comestibles
 c - 3 bread rations
 v - 2 royal jellies
 E - a fruit
 K - a meat ration


   Skills:
 - Level 2.1 Dodging
 - Level 2.0 Stealth
 - Level 4.0 Spellcasting
 - Level 3.0 Conjurations
 - Level 3.0 Air Magic
 + Level 6.4 Poison Magic


You had 4 spell levels left.
You knew the following spells:

 Your Spells              Type           Power        Failure   Level  Hunger
a - Sting                 Conj/Pois      ###.         2%          1    None
b - Poisonous Vapours     Pois/Air       ###...       3%          2    ##.....
c - Olgreb's Toxic Radia  Pois           ####....     14%         4    ####...
m - Mephitic Cloud        Conj/Pois/Air  ###.....     10%         3    ###....


Dungeon Overview and Level Annotations

Branches:
Dungeon (4/15)
 Temple: D:4-7

Altars:
Ru

Annotations:
D:3 Grinder


Innate Abilities, Weirdness & Mutations

You have a beak for a mouth.
You have claws for feet.
You can fly.


Message History

* * * LOW HITPOINT WARNING * * *
The gnoll hits you with a flail!
* * * LOW HITPOINT WARNING * * *
You bump into the rock wall.
The gnoll hits you with a flail!
* * * LOW HITPOINT WARNING * * *
You bump into the rock wall.
The gnoll hits you with a flail.
* * * LOW HITPOINT WARNING * * *
You bump into the rock wall.
You feel less invigorated.
You feel less confused. The gnoll hits you with a flail!
* * * LOW HITPOINT WARNING * * *
Okay, then.
Casting: Olgreb's Toxic Radiance
Confirm with . or Enter, or press ? or * to list all spells.
Aiming: Poisonous Vapours
Press: ? - help, Dir - move target cursor, f - gnoll
Aim: a gnoll, wielding a flail (moderately wounded, fast)
You miscast Poisonous Vapours.
You feel faint for a moment. The gnoll hits you with a flail!
You die...

##...## #...8.8. #..## #.#.....
#. #..# #.###.## #.# ##..##
###.....# #..##....# ##....####
..##.#...#.### ###..#.##
........##...# #...<#.#
###..(####.########....#.# #
#(....##..gg@........#.# ###
###..#...############....####..
###.............# #.##....#.#
................#
#####.##......#
...###..........#
#........###... .).#
#..........###.###.##.# ####
...# #.........<.)......##.##
...#
#..........##..........#####
...#
########...##...............


You could see 2 gnolls.

Vanquished Creatures
  A sky beast (D:3)
  A centaur (D:4)
  A scorpion (D:3)
  An orc wizard (D:4)
  A gnoll shaman (D:4)
  2 orc priests (D:4)
  Natasha (twice) (D:3)
  A worker ant (D:4)
  Robin (D:3)
  A gnoll (D:4)
  5 adders
  A worm (D:4)
  3 dart slugs
  A leopard gecko (D:4)
  6 orcs (D:3)
  9 bats
  4 giant cockroaches
  13 goblins
  7 hobgoblins
  A jackal (D:1)
  A ball python (D:2)
  10 frilled lizards
  7 kobolds
  10 rats
90 creatures vanquished.

Vanquished Creatures (others)
  Natasha (D:3)
1 creature vanquished.

Grand Total: 91 creatures vanquished

Notes
Turn   | Place    | Note
-------+----------+-------------------------------------------
     0 | D:1      | Gorglomux the Tengu Venom Mage began the quest for the Orb.
     0 | D:1      | Reached XP level 1. HP: 10/10 MP: 4/4
    14 | D:1      | Noticed an electric eel
   166 | D:1      | Reached XP level 2. HP: 15/15 MP: 1/6
   195 | D:1      | Learned a level 2 spell: Poisonous Vapours
   253 | D:1      | Reached skill level 3 in Conjurations
   399 | D:1      | Reached skill level 1 in Air Magic
   778 | D:1      | Reached XP level 3. HP: 19/19 MP: 0/7
  1351 | D:2      | Reached skill level 3 in Air Magic
  1630 | D:2      | Reached XP level 4. HP: 24/24 MP: 4/8
  1894 | D:2      | Learned a level 3 spell: Mephitic Cloud
  2255 | D:3      | Reached skill level 3 in Spellcasting
  2266 | D:3      | Noticed Grinder
  2497 | D:3      | Found a sacrificial altar of Ru.
  2511 | D:3      | Noticed Robin
  2809 | D:3      | Noticed Natasha
  2869 | D:3      | Killed Robin
  2869 | D:3      | Gained mutation: You can fly. [Tengu growth]
  2869 | D:3      | Reached XP level 5. HP: 12/28 MP: 1/11
  3270 | D:3      | Paralysed by Grinder for 2 turns
  3312 | D:3      | Killed Natasha
  3384 | D:3      | Learned a level 4 spell: Olgreb's Toxic Radiance
  3465 | D:3      | Paralysed by Grinder for 3 turns
  3555 | D:3      | Noticed Natasha
  3564 | D:3      | Killed Natasha
  3572 | D:3      | Noticed Natasha
  3578 | D:3      | Killed Natasha
  3586 | D:3      | Noticed a sky beast
  3612 | D:3      | Killed a sky beast
  3612 | D:3      | Reached skill level 4 in Poison Magic
  3612 | D:3      | Reached XP level 6. HP: 11/32 MP: 0/13
  3829 | D:3      | Reached skill level 5 in Poison Magic
  3936 | D:4      | Reached XP level 7. HP: 29/36 MP: 7/14
  4056 | D:4      | Reached skill level 6 in Poison Magic
  4323 | D:4      | Mangled by a gnoll

Vault maps used:
D:1:      arrival_aquarium_a
D:2:      first_bread
D:3:      nicolae_ru_sacrificial_ziggurat, uniq_natasha, uniq_robin,
          uniq_grinder
D:4:      gammafunk_temple_overflow_forgotten, zin_statuary,
          minmay_temple_entry_fiery

Skill      XL: |  1  2  3  4  5  6  7 |
---------------+----------------------+-----
Conjurations   | 2 3 |  3.0
Air Magic      | 2 3 |  3.0
Spellcasting   | 3 4 |  4.0
Poison Magic   | 4 5 6 |  6.4
Dodging        | |  2.1
Stealth        | |  2.0

Action                   |  1- 3 |  4- 6 |  7- 9 || total
-------------------------+-------+-------+-------++-------
Melee: Spear             |    16 |    24 |     3 ||    43
       Kick              |     4 |     3 |     1 ||     8
       Peck              |       |     3 |       ||     3
 Cast: Sting             |    24 |    46 |     7 ||    77
       Poisonous Vapours |    29 |    33 |    11 ||    73
       Mephitic Cloud    |       |     2 |     1 ||     3
       Olgreb's Toxic Ra |       |     2 |     1 ||     3
  Use: Potion            |       |     1 |     3 ||     4
       Scroll            |       |       |     1 ||     1
  Eat: Chunk             |     5 |     8 |     3 ||    16
Armor: Robe              |     6 |     9 |       ||    15
Dodge: Dodged            |    15 |    43 |     5 ||    63
       Deflected         |       |       |     1 ||     1
